Map: 2000 Atmospheres LE

Players

Reynor - Winner!

  • Race: Zerg Zerg

Vanya

  • Race: Zerg Zerg

Event: DreamHack SC2 Masters 2021 Fall

VOD

Have the link to the VOD?

Description

Time

  • Played on: Aug. 10, 2021, 9:42 a.m.
  • Length: 11:46

All games in this series

Show
View Real Time Build Order
Export as new Build Order

Reynor Zerg - Winner!

Build Orders: Pool First, Zergling Baneling 

Get SALT Encoding   

  12  0:00  Drone  
  13  0:11  Overlord  
  13  0:16  Drone  
  14  0:30  Drone x2  
  16  0:40  Spawning Pool  
  15  0:44  Drone  
  15  0:47  Drone  
  17  1:08  Hatchery  
  17  1:10  Drone  
  17  1:19  Extractor  
  16  1:27  Zergling x6  
  16  1:31  Queen  
  21  1:38  Overlord  
  21  1:49  Drone  
  22  1:59  Drone  
  23  2:06  Queen  
  25  2:11  Drone  
  26  2:20  Drone  
  28  2:22  Drone  
  28  2:24  Metabolic Boost  
  28  2:32  Drone  
  28  2:34  Overlord  
  29  2:38  Drone x3  
  29  2:41  Drone  
  29  2:44  Drone  
  33  2:53  Baneling Nest  
  33  2:54  Drone  
  33  2:56  Drone  
  34  3:05  Drone  
  35  3:12  Hatchery  
  35  3:14  Drone x2  
  35  3:15  Drone  
  35  3:18  Drone  
  38  3:21  Overlord  
  38  3:26  Zergling x4  
  40  3:28  Zergling x2  
  40  3:31  Zergling x2  
  41  3:35  Zergling x2  
  41  3:40  Evolution Chamber  
  40  3:42  Zergling x2  
  40  3:44  Baneling  
  40  3:48  Zergling x2  
  42  3:49  Baneling  
  42  3:50  Baneling  
  42  3:52  Zergling x2  
  42  4:02  Zergling x4  
  42  4:09  Baneling x3  
  40  4:17  Zergling x4  
  40  4:21  Queen  
  43  4:25  Zergling x2  
  43  4:28  Baneling x2  
  44  4:32  Zergling x2  
  44  4:36  Zergling x4  
  44  4:45  Zergling x2, Queen  
  45  4:47  Zergling x2  
  46  4:55  Baneling x2  
  46  4:58  Drone  
  47  5:00  Zergling x2  
  48  5:08  Drone  
  48  5:09  Drone  
  48  5:10  Queen  
  52  5:22  Overlord  
  52  5:25  Hatchery  
  52  5:28  Overlord  
  51  5:31  Drone x2  
  49  5:37  Drone x4  
  49  5:42  Drone x2  
  53  5:50  Drone x2  
  53  5:54  Zerg Missile Weapons Level 1  
  55  5:58  Drone x2  
  55  6:01  Extractor, Zergling x2, Roach Warren  
  55  6:03  Zergling x2  
  56  6:08  Overlord  
  56  6:09  Drone  
  55  6:12  Baneling x2  
  55  6:20  Drone  
  55  6:22  Overlord  
  56  6:27  Drone  
  56  6:28  Drone x2  
  56  6:29  Overlord  
  59  6:34  Overlord  
  59  6:45  Roach x5  
  69  6:50  Roach  
  69  6:51  Roach  
  72  6:54  Drone  
  72  6:55  Drone x4  
  72  6:58  Overlord  
  72  7:00  Drone  
  77  7:03  Extractor  
  77  7:08  Lair, Overlord  
  76  7:09  Drone  
  76  7:10  Drone  
  76  7:13  Drone  
  79  7:23  Roach x3  
  79  7:25  Drone x2  
  79  7:28  Drone x2  
  79  7:29  Extractor  
  85  7:31  Roach x2  
  85  7:32  Queen x2  
  93  7:37  Drone  
  93  7:38  Drone  
  93  7:43  Roach x3  
  101  7:44  Drone x2  
  101  7:46  Overlord  
  101  7:49  Drone  
  104  7:53  Drone x2  
  104  7:54  Extractor  
  104  7:57  Overlord  
  105  7:59  Roach x2  
  105  8:01  Drone  
  105  8:02  Drone x2  
  105  8:03  Extractor  
  111  8:06  Roach x3  
  111  8:07  Overseer  
  111  8:09  Roach  
  119  8:14  Roach x2  
  123  8:20  Drone  
  123  8:22  Glial Reconstitution  
  123  8:24  Overlord  
  124  8:32  Zerg Missile Weapons Level 2  
  126  8:39  Spore Crawler x2, Drone  
  129  8:41  Hydralisk Den  
  129  8:47  Spore Crawler, Drone  
  128  8:50  Spore Crawler, Drone  
  128  8:54  Spore Crawler  
  128  8:55  Overlord x3  
  121  8:57  Overlord  
  121  9:05  Overlord  
  121  9:14  Hydralisk  
  121  9:15  Hydralisk x7  
  121  9:16  Muscular Augments  
  137  9:18  Hydralisk  
  137  9:20  Roach x2  
  137  9:23  Roach x2  
  147  9:25  Roach  
  147  9:27  Roach  
  151  9:32  Roach x3  
  151  9:34  Hydralisk  
  151  9:37  Overlord  
  159  9:39  Roach  
  159  9:41  Roach  
  163  9:47  Roach x3  
  169  9:53  Overlord  
  169  9:59  Hydralisk x3  
  175  10:02  Roach  
  175  10:04  Overlord  
  175  10:17  Roach x5  
  183  10:21  Hydralisk x2  
  183  10:25  Roach x4  
  183  10:28  Grooved Spines  
  191  10:30  Roach  
  193  10:40  Roach  
  193  10:47  Hydralisk x3  
  169  10:57  Roach x7  
  169  10:58  Hydralisk x2  
  183  11:05  Hydralisk x3  
  183  11:10  Overlord  
  189  11:12  Roach x2  
Show
View Real Time Build Order
Export as new Build Order

Vanya Zerg 

Build Orders: Hatch First, Zergling Baneling 

Get SALT Encoding   

  12  0:00  Drone  
  13  0:12  Overlord  
  13  0:16  Drone  
  14  0:30  Drone x2  
  16  0:47  Hatchery  
  15  0:50  Drone  
  15  0:56  Drone  
  17  0:57  Drone  
  17  1:00  Extractor  
  17  1:12  Spawning Pool  
  17  1:15  Drone  
  17  1:20  Drone  
  18  1:28  Drone  
  19  1:39  Drone  
  20  1:49  Drone  
  21  1:59  Queen x2  
  21  2:00  Zergling x4  
  27  2:03  Metabolic Boost  
  27  2:11  Overlord  
  27  2:12  Zergling x2  
  28  2:27  Baneling Nest  
  27  2:32  Zergling x8  
  29  2:42  Zergling x4  
  30  2:54  Overlord  
  30  2:56  Zergling x2  
  31  3:05  Zergling x2  
  31  3:06  Zergling x2  
  31  3:10  Zergling x6  
  36  3:13  Zergling x4  
  36  3:14  Zergling x2  
  36  3:19  Zergling x2  
  40  3:23  Zergling x2  
  41  3:27  Zergling x2  
  42  3:35  Baneling  
  42  3:36  Baneling x6  
  42  3:40  Zergling x2  
  43  3:45  Zergling x2  
  43  3:50  Zergling x2  
  42  4:00  Zergling x2  
  42  4:01  Zergling x8  
  42  4:04  Drone  
  42  4:06  Drone  
  39  4:21  Zergling x10  
  42  4:28  Zergling x4  
  38  4:40  Zergling x6  
  38  4:43  Zergling x4  
  42  4:52  Baneling x6  
  40  4:59  Zergling x2  
  40  5:00  Zergling x4  
  40  5:09  Drone x3  
  43  5:16  Overlord  
  43  5:26  Overlord  
  43  5:27  Baneling  
  43  5:30  Drone  
  43  5:35  Drone x5  
  44  5:36  Drone  
  44  5:39  Drone  
  44  5:46  Lair  
  44  5:49  Extractor, Baneling  
  43  5:51  Drone  
  43  5:56  Extractor, Drone  
  44  5:59  Drone  
  45  6:05  Evolution Chamber  
  45  6:08  Drone x5  
  43  6:19  Drone x2  
  43  6:20  Extractor, Roach Warren  
  43  6:25  Drone  
  43  6:26  Drone x2  
  46  6:33  Zerg Missile Weapons Level 1  
  46  6:38  Overlord  
  46  6:43  Evolution Chamber  
  46  6:56  Drone x2  
  46  6:57  Drone  
  46  6:59  Spire  
  46  7:01  Roach x3  
  54  7:03  Glial Reconstitution  
  54  7:07  Overlord  
  54  7:10  Overlord  
  54  7:23  Hatchery  
  54  7:28  Drone  
  53  7:32  Roach x3  
  59  7:39  Roach x3  
  59  7:41  Drone  
  66  7:48  Overlord x2  
  66  7:50  Drone  
  67  8:00  Overlord  
  67  8:11  Mutalisk x6  
  79  8:19  Overlord  
  79  8:22  Drone x3  
  82  8:27  Zerg Flyer Weapons Level 1  
  82  8:32  Mutalisk  
  82  8:33  Extractor  
  81  8:36  Extractor  
  81  8:39  Queen  
  81  8:40  Drone x2  
  81  8:41  Drone  
  85  8:44  Mutalisk  
  85  8:45  Mutalisk  
  89  8:49  Drone  
  89  8:50  Drone  
  89  8:51  Drone  
  89  8:52  Drone  
  93  8:57  Mutalisk  
  93  9:00  Overseer  
  95  9:04  Drone x4  
  95  9:06  Overlord  
  99  9:11  Mutalisk  
  99  9:12  Drone  
  99  9:13  Drone  
  103  9:18  Overlord  
  103  9:20  Mutalisk  
  105  9:26  Drone x2  
  105  9:28  Mutalisk x2  
  111  9:33  Overlord x2  
  111  9:42  Hatchery  
  111  9:44  Mutalisk  
  112  9:48  Mutalisk  
  114  9:59  Mutalisk x3  
  114  10:05  Overlord x2  
  120  10:07  Roach x3  
  120  10:12  Overlord  
  124  10:20  Roach x3  
  129  10:21  Ravager  
  129  10:22  Overlord  
  129  10:26  Roach  
  129  10:27  Roach x4  
  137  10:32  Mutalisk x2  
  141  10:36  Overlord  
  141  10:40  Overlord  
  137  10:48  Mutalisk x2  
  134  10:56  Mutalisk  
  134  10:57  Mutalisk  
  118  11:01  Roach x3  
  124  11:10  Roach x5  
  134  11:15  Roach x4  

Tags
 
Add a new tag
Caveats
  • Supply blocks, unpowered buildings, or Contaminate may cause inaccurate times.
  • Supply counts are checked every 10 seconds.